 Dungeon Crawl Stone Soup version 0.29-a0-998-g1987434951 (webtiles) character file.

Game seed: 5553003911158379411

18769 Sweeb the Unseen (level 12, -4/118 HPs)
             Began as a Naga Fighter on Aug 6, 2022.
             Was the Champion of Cheibriados.
             Killed by mirror damage (38 damage)
             ... on level 12 of the Dungeon.
             The game lasted 00:17:30 (9447 turns).

Sweeb the Unseen (Naga Fighter)                     Turns: 9447, Time: 00:17:31

Health: -4/118     AC: 14    Str: 46    XL:     12   Next: 62%
Magic:  12/12      EV:  9    Int: 25    God:    Cheibriados [******]
Gold:   672        SH:  0    Dex: 28    Spells: 11/11 levels left

rFire   . . .      SeeInvis +   m - +10 glaive "Fatsoemn" {flame, Will+ Int+3}
rCold   . . .      Faith    .   (shield currently unavailable)
rNeg    . . .      Spirit   .   J - +1 troll leather armour
rPois   +          Reflect  .   n - +2 helmet
rElec   .          Harm     .   N - +2 cloak
rCorr   .          Rampage  .   i - +0 pair of gloves
Will    ++...                   (no barding)
Stlth   +++++++...              g - amulet of regeneration
HPRegen 1.89/turn               h - +6 ring of strength
MPRegen 0.13/turn               (no ring)

@: mighty, invisible, very slow
A: AC +4, large, see invisible, deformed body, poison resistance, slowness 2,
spit poison 1, naga tail 1, strong 1, subdued magic 1
a: Spit Poison, Renounce Religion, Bend Time, Temporal Distortion, Slouch, Step
From Time


You were on level 12 of the Dungeon.
You worshipped Cheibriados.
Cheibriados was exalted by your worship.
You visited 1 branch of the dungeon, and saw 13 of its levels.
You also visited: Sewer.

You collected 756 gold pieces.
You spent 84 gold pieces at shops.

Inventory:

Hand Weapons
 m - the +10 glaive "Fatsoemn" (weapon) {flame, Will+ Int+3}
   (You found it on level 2 of the Dungeon)

   It burns those it strikes, dealing additional fire damage.
   Big, fiery blades are also staple armaments of hydra-hunters.
   Int:       It affects your intelligence (+3).
   Will:      It increases your willpower.
 K - a +0 spear of venom
Missiles
 u - 4 throwing nets
Armour
 b - a +0 scale mail
 i - a +0 pair of gloves (worn)
 n - a +2 helmet (worn)
 q - a +0 cloak
 v - a +2 robe of willpower
 F - +0 steam dragon scales
 J - a +1 troll leather armour (worn)
 N - a +2 cloak (worn)
Jewellery
 f - a ring of protection from cold
 g - an amulet of regeneration (around neck)
 h - a +6 ring of strength (left hand)
 E - a ring of flight
Wands
 c - a wand of flame (14)
 w - a wand of light (2)
 x - a wand of charming (7)
 I - a wand of polymorph (8)
 M - a wand of mindburst (6)
Scrolls
 j - 4 scrolls of teleportation
 r - a scroll of brand weapon
 s - a scroll of silence
 y - 3 scrolls of amnesia
 A - a scroll of identify
 D - a scroll of noise
 G - a scroll of fog
 H - a scroll of fear
Potions
 a - 4 potions of lignification
 k - 4 potions of heal wounds
 l - a potion of resistance
 o - 3 potions of mutation
 p - a potion of attraction
 t - 8 potions of curing
 z - 2 potions of magic
 B - 2 potions of flight
 C - a potion of brilliance
 L - 2 potions of ambrosia


   Skills:
 + Level 10.8 Fighting
 - Level 2.7 Short Blades
 * Level 14.2 Polearms
 - Level 2.4 Armour
 + Level 15.4 Stealth
 - Level 3.3 Shields


You had 11 spell levels left.
You didn't know any spells.
Your spell library contained the following spells:

 Spells                   Type           Power      Damage    Failure   Level
 Scorch                   Fire           0%         2d5       19%         2
 Gell's Gravitas          Tloc           0%         N/A       36%         3
 Lesser Beckoning         Tloc           0%         N/A       36%         3
 Mephitic Cloud           Conj/Pois/Air  0%         N/A       36%         3
 Teleport Other           Tloc           0%         N/A       36%         3
 Petrify                  Tmut/Erth      0%         N/A       78%         4
 Metabolic Englaciation   Hex/Ice        0%         N/A       98%         5
 Statue Form              Tmut/Erth      0%         N/A       100%        6


Dungeon Overview and Level Annotations

Branches:
Dungeon (13/15)            Temple (0/1) D:6            Lair (0/5) D:10
    Orc (0/2) D:11          Sewer (visited)
 Vaults: D:13-14

Altars:
Cheibriados
Dithmenos
Makhleb
Ru
Sif Muna
Trog
Vehumet
Wu Jian
Yredelemnul
The Shining One

Shops:
D:5 *

Annotations:
D:10 1 runed translucent door
D:11 2 transporters, scionoferis's ghost, journeyman OpSu


Innate Abilities, Weirdness & Mutations

Your serpentine skin is tough. (AC +4)
You have supernaturally acute eyesight. (SInv)
Armour fits poorly on your strangely shaped body.
Your system is resistant to poisons. (rPois)
You cover ground very slowly.
You can spit poison.
You have a snake-like lower body.
Your muscles are strong. (Str +4, Int/Dex -1)
Your spells are a little easier to cast, but a little less powerful.


Message History

You barely miss the apis.
The apis is almost dead.
The apis closely misses you.
You slash the apis! You burn the apis.
The apis is almost dead.
The apis completely misses you.
You slice the apis!! You burn the apis.
You kill the apis!
Cheibriados thoroughly appreciates the change of pace.
An efreet comes into view.
It is wielding a +1 scimitar of flaming.
A centaur warrior skeleton comes into view.
There is a stone staircase leading up, spattered with blood here.
The death knight hits you with a +0 great mace!!
You climb upwards.
There is a stone staircase leading down here.
A death knight is nearby!
You feel very mighty all of a sudden.
The death knight offers itself to Yredelemnul, and fills with unholy energy.
You fade into invisibility!
The death knight hits you with a +0 great mace!
You slash the death knight! You burn the death knight.
The death knight is moderately wounded.
The death knight reflects your damage back at you!
The death knight hits you with a +0 great mace.
You barely miss the death knight.
The death knight is moderately wounded.
The death knight hits you with a +0 great mace!
* * * LOW HITPOINT WARNING * * *
Unknown command.
You feel much better.
The death knight hits you with a +0 great mace!!
* * * LOW HITPOINT WARNING * * *
You feel much better.
The death knight hits you with a +0 great mace!
* * * LOW HITPOINT WARNING * * *
You open the death knight like a pillowcase!!!
You burn the death knight.
The death knight is almost dead.
The death knight reflects your damage back at you!
You die...

#.##.....................##......
#.##........................#.#..
....................##...........
....................##...##.#.#..
..........######.........#.......
###.......# #.#..##...#))#.... #
#..<....######.#..##..))).....# #
#............#.#..##......#.... #
#.######.....#@#..............# #
#.# #......p#...#...#.......
###.#######......#...#.>.........
..........#.##...#...#.^#.#....##
###..###..#.##..........#.###..#
..#..# #..#...............###..##
.....# #.........................
#.#.## #...........###.#.########
#.#.####)...###..)####.#.....# #


You could see a death knight (reflects damage, unable to see you).

Vanquished Creatures
  3 apis (D:13)
  5 two-headed ogres
  Urug (D:11)
  An orc knight (D:12)
  A cyclops (D:12)
  Maurice (D:12)
  3 kobold demonologists (D:12)
  Maggie (D:6)
  5 trolls
  Grinder (D:6)
  4 slime creatures (D:12)
  Sigmund (D:4)
  A wraith (D:9)
  2 wyverns
  A basilisk (D:12)
  4 yaks
  2 steam dragons
  7 vampire mosquitoes
  4 wargs
  2 water moccasins
  3 acid dragons
  A sky beast (D:7)
  3 ice beasts
  5 orc warriors
  Pargi (D:3)
  10 centaurs
  2 ogres
  7 kobold brigands
  2 necrophages
  3 gnoll sergeants
  5 bullfrogs
  2 scorpions
  4 wights (D:7)
  13 killer bees (D:9)
  5 electric eels
  6 howler monkeys
  2 hounds
  3 jellies
  11 orc priests
  A gnoll bouda (D:7)
  3 iguanas
  8 orc wizards
  19 gnolls
  4 adders
  A river rat (Sewer)
  An ufetubus (D:6)
  3 worms
  2 dart slugs
  49 orcs
  5 ball pythons
  3 bats
  9 endoplasms
  6 giant cockroaches
  4 goblins
  9 hobgoblins
  4 jackals
  19 kobolds
  4 quokkas
  2 frilled lizards (D:1)
  A goblin zombie (D:10)
  11 rats
306 creatures vanquished.

Vanquished Creatures (others)
  13 plants
13 creatures vanquished.

Grand Total: 319 creatures vanquished

Notes
Turn   | Place    | Note
-------+----------+-------------------------------------------
     0 | D:1      | Sweeb the Naga Fighter began the quest for the Orb.
     0 | D:1      | Reached XP level 1. HP: 21/21 MP: 1/1
   152 | D:1      | Reached XP level 2. HP: 28/28 MP: 2/2
   198 | D:1      | Reached skill level 1 in Stealth
   225 | D:1      | Found a faded altar of an unknown god.
   379 | D:1      | Reached XP level 3. HP: 34/34 MP: 3/3
   890 | D:2      | Reached skill level 2 in Stealth
  1024 | D:2      | Identified the +10 glaive "Fatsoemn" {flame, Will+ Int+3}
  1165 | D:3      | Reached skill level 1 in Polearms
  1165 | D:3      | Reached XP level 4. HP: 42/42 MP: 4/4
  1209 | D:3      | Found a snail-covered altar of Cheibriados.
  1228 | D:3      | Noticed Pargi
  1231 | D:3      | Killed Pargi
  1232 | D:3      | Reached skill level 3 in Stealth
  1232 | D:3      | Reached XP level 5. HP: 50/50 MP: 5/5
  1404 | D:3      | Found a sacrificial altar of Ru.
  1535 | D:3      | Found a burning altar of Makhleb.
  1566 | D:3      | Found a shadowy altar of Dithmenos.
  1805 | D:3      | Became a worshipper of Cheibriados the Contemplative
  1942 | D:4      | Reached XP level 6. HP: 57/57 MP: 6/6
  1956 | D:4      | Reached skill level 4 in Stealth
  2102 | D:4      | Noticed Sigmund
  2105 | D:4      | Killed Sigmund
  2106 | D:4      | Reached skill level 5 in Stealth
  2106 | D:4      | Reached XP level 7. HP: 66/66 MP: 7/7
  2567 | D:5      | Entered Level 5 of the Dungeon
  2666 | D:5      | Reached * piety under Cheibriados
  2682 | D:5      | Found Jonomep's General Store.
  2690 | D:5      | Bought a scroll of identify for 28 gold pieces
  2837 | D:5      | Reached skill level 5 in Fighting
  2837 | D:5      | Reached skill level 5 in Polearms
  2837 | D:5      | Reached skill level 6 in Stealth
  2859 | D:5      | Reached XP level 8. HP: 74/74 MP: 8/8
  2869 | D:5      | Found a glowing drain.
  2880 | Sewer    | Entered a sewer
  3088 | Sewer    | Gained mutation: You expend magic power (3 MP) to
                  | strengthen your wands. [potion of mutation]
  3088 | Sewer    | Gained mutation: Your magical capacity is low. (-10% MP)
                  | [potion of mutation]
  3089 | Sewer    | Lost mutation: You expend magic power (3 MP) to strengthen
                  | your wands. [potion of mutation]
  3089 | Sewer    | Lost mutation: Your magical capacity is low. (-10% MP)
                  | [potion of mutation]
  3089 | Sewer    | Gained mutation: Your spells are a little easier to cast,
                  | but a little less powerful. [potion of mutation]
  3089 | Sewer    | Gained mutation: Your muscles are strong. (Str +4, Int/Dex
                  | -1) [potion of mutation]
  3432 | D:6      | Noticed Maggie
  3434 | D:6      | Killed Maggie
  3435 | D:6      | Reached skill level 7 in Stealth
  3452 | D:6      | Found a staircase to the Ecumenical Temple.
  3508 | D:6      | Noticed a wyvern
  3511 | D:6      | Killed a wyvern
  3511 | D:6      | Reached ** piety under Cheibriados
  3520 | D:6      | Reached skill level 8 in Stealth
  3565 | D:6      | Reached XP level 9. HP: 82/82 MP: 9/9
  3796 | D:6      | Noticed Grinder
  3806 | D:6      | Killed Grinder
  4046 | D:7      | Reached skill level 9 in Stealth
  4047 | D:7      | Reached *** piety under Cheibriados
  4197 | D:7      | Reached skill level 10 in Stealth
  4205 | D:7      | Reached **** piety under Cheibriados
  4427 | D:7      | Found an ornate altar of the Wu Jian Council.
  4563 | D:7      | Reached XP level 10. HP: 94/94 MP: 10/10
  4911 | D:8      | Reached skill level 11 in Stealth
  4994 | D:8      | Reached skill level 10 in Polearms
  5063 | D:8      | Noticed a two-headed ogre
  5071 | D:8      | Killed a two-headed ogre
  5192 | D:8      | Identified the +1 pair of boots "Awuesk" {rN+}
  5732 | D:9      | Reached ***** piety under Cheibriados
  5916 | D:9      | Reached skill level 12 in Stealth
  6491 | D:9      | Reached XP level 11. HP: 104/104 MP: 11/11
  6802 | D:5      | Bought a potion of might for 56 gold pieces
  6913 | D:10     | Entered Level 10 of the Dungeon
  7000 | D:10     | Found a runed translucent door.
  7004 | D:10     | Found a basalt altar of Yredelemnul.
  7145 | D:10     | Found a staircase to the Lair.
  7167 | D:10     | Noticed a two-headed ogre
  7169 | D:10     | Killed a two-headed ogre
  7170 | D:10     | Reached skill level 13 in Stealth
  7224 | D:10     | Found a shimmering blue altar of Sif Muna.
  7291 | D:10     | Noticed a two-headed ogre
  7297 | D:10     | Killed a two-headed ogre
  7420 | D:10     | Found a radiant altar of Vehumet.
  7487 | D:10     | Reached ****** piety under Cheibriados
  7549 | D:11     | Found a flickering gateway to a bazaar.
  7628 | D:11     | Noticed a two-headed ogre
  7630 | D:11     | Killed a two-headed ogre
  7691 | D:11     | Noticed Urug
  7695 | D:11     | Killed Urug
  8190 | D:11     | Found a shimmering blue altar of Sif Muna.
  8251 | D:11     | Found a transporter.
  8251 | D:11     | Found a transporter.
  8251 | D:11     | Noticed a two-headed ogre
  8251 | D:11     | Noticed a moth of wrath
  8251 | D:11     | Noticed a tengu warrior
  8271 | D:11     | Found a bloodstained altar of Trog.
  8271 | D:11     | Noticed a two-headed ogre
  8277 | D:11     | Got the Reference Book on Injurious Fire
  8282 | D:11     | Noticed a two-headed ogre
  8286 | D:11     | Noticed a two-headed ogre
  8353 | D:11     | Noticed scionoferis's ghost (journeyman OpSu)
  8367 | D:11     | Found a staircase to the Orcish Mines.
  8565 | D:12     | Noticed a two-headed ogre
  8571 | D:12     | Killed a two-headed ogre
  8572 | D:12     | Reached skill level 14 in Stealth
  8582 | D:12     | Reached skill level 10 in Fighting
  8582 | D:12     | Reached XP level 12. HP: 55/116 MP: 12/12
  8868 | D:12     | Noticed Maurice
  8874 | D:12     | Killed Maurice
  9037 | D:12     | Reached skill level 15 in Stealth
  9363 | D:13     | Noticed an apis
  9372 | D:13     | Killed an apis
  9418 | D:13     | Found a glowing golden altar of the Shining One.
  9418 | D:13     | Noticed a death knight
  9419 | D:13     | Noticed an apis
  9420 | D:13     | Noticed an apis
  9425 | D:13     | Killed an apis
  9436 | D:13     | Killed an apis
  9447 | D:12     | Killed by mirror damage

Illustrated notes

Levels and vault maps discovered:
D:1:      matt_arrival_grand_opening, layout_rooms,
          hellmonk_ecumenical_altar_leap_of_faith
D:2:      layout_basic, grunt_ministairs_3
D:3:      layout_rooms, mainiacjoe_overflow_tiny_flanked, lemuel_tele_altar,
          mainiacjoe_overflow_24_doors, mainiacjoe_overflow_six_doors_small,
          minmay_quantized, uniq_pargi
D:4:      layout_basic, uniq_sigmund
D:5:      layout_basic, serial_shops, shop, cheibrodos_sewer_entry_sluice,
          kennysheep_potato
D:6:      layout_cave_pools, minmay_temple_entry_overgrown, uniq_grinder,
          uniq_maggie
D:7:      layout_basic, nicolae_wu_jian_immortal_techniques, serial_bayou,
          serial_bayou_pond_d, serial_bayou_pond_c, serial_bayou_shore_b,
          serial_bayou_pond_c, serial_bayou_pond_e, serial_bayou_crossing
D:8:      layout_cave_pods, serial_park, serial_park_tiny_2,
          serial_park_tiny_pond, serial_park_tiny_pond, serial_park_square3
          [serial_park_minivault_5x5_7], serial_park_avenue1
D:9:      minmay_skewed_foursquare, layout_basic
D:10:     layout_roguey, dk_yredelemnul_ordeal, nicolae_overflow_hidden_temple,
          erik_lair_orcish_takeover
D:11:     layout_roguey, hiddenorc1_lemuel, gammafunk_ghost_wrathful_warriors,
          serial_shops, bzr_in_the_mist, chequers_big_river,
          lemuel_blue_sif_altar, uniq_urug
D:12:     layout_basic, uniq_maurice
D:13:     dreamdust_under_siege, layout_rooms, david_vaults_3,
          nicolae_eternal_life, minivault_10, grunt_ministairs_11

Skill      XL: |  1  2  3  4  5  6  7  8  9 10 11 12 |
---------------+-------------------------------------+-----
Stealth        | 1 2 3 5 6 8 10 12 14 15 | 15.4
Shields        | 3 |  3.3
Polearms       | 1 2 4 5 7 9 11 13 14 | 14.2
Fighting       | 4 5 6 7 8 10 | 10.8
Short Blades   | |  2.7
Armour         | |  2.4

Action                   |  1- 3 |  4- 6 |  7- 9 | 10-12 || total
-------------------------+-------+-------+-------+-------++-------
Melee: Rapier            |    95 |       |       |       ||    95
       Glaive            |     3 |    51 |   136 |   281 ||   471
 Abil: Spit Poison       |    17 |     3 |     3 |     1 ||    24
  Use: Scroll            |     2 |     2 |    20 |     3 ||    27
       Potion            |       |       |     2 |     7 ||     9
 Stab: Sleeping          |       |     1 |    24 |    35 ||    60
       Distracted        |       |       |       |     5 ||     5
       Invisible         |       |       |       |     1 ||     1
Armor: Scale mail        |    43 |    23 |       |       ||    66
       Robe              |       |       |    57 |   103 ||   160
       Troll leather arm |       |       |       |    11 ||    11
Dodge: Dodged            |    42 |    19 |    72 |   121 ||   254
Block: Buckler           |    19 |       |       |       ||    19

Table legend: (Time is in decaauts)
 A = Elapsed time spent in this place.
 B = Non-inter-level travel time spent in this place.
 C = Inter-level travel time spent in this place.
 D = Time resting spent in this place.
 E = Time spent auto-exploring this place.
 F = Levels seen in this place.
 G = Mean time per level.
                   A        B        C        D        E       F      G
               +--------+--------+--------+--------+--------+-----+--------+
         Total |  18776 |  17686 |   1090 |    432 |  14493 |  14 | 1341.1 |
       Dungeon |  18327 |  17237 |   1090 |    432 |  14288 |  13 | 1409.8 |
         Sewer |    449 |    449 |      0 |      0 |    204 |   1 |  449.0 |
               +--------+--------+--------+--------+--------+-----+--------+

Top non-repeatable levels by time:
    D:11: 2455 daAuts
     D:9: 2434 daAuts
     D:7: 1983 daAuts
     D:8: 1978 daAuts
    D:12: 1684 daAuts
    D:10: 1471 daAuts
     D:5: 1314 daAuts
     D:4: 1300 daAuts
     D:6: 1159 daAuts
     D:3: 924 daAuts
     D:2: 831 daAuts
     D:1: 697 daAuts
   Sewer: 449 daAuts
    D:13: 91 daAuts
